 Dungeon Crawl Stone Soup version 0.24-a0-613-g1ff6aac (webtiles) character file.

Game seed: 4728806779156692383, levelgen mode: deterministic

8 JeffiDaFish the Skirmisher (level 2, -1/19 HPs)
             Began as a Gargoyle Fighter on Sept 10, 2019.
             Slain by Terence
             ... wielding a +0 flail
              (7 damage)
             ... on level 2 of the Dungeon.
             The game lasted 00:01:01 (210 turns).

JeffiDaFish the Skirmisher (Gargoyle Fighter)        Turns: 210, Time: 00:01:01

Health: -1/19      AC:  9    Str: 16 (19) XL:     2   Next: 8%
Magic:  2/2        EV:  7    Int:  6 (8)  God:
Gold:   33         SH:  8    Dex:  7 (9)  Spells: 1/1 levels left

rFire    . . .     SeeInvis .   a - +0 flail
rCold    . . .     Gourm    .   c - +0 shield
rNeg     + . .     Faith    .   b - +0 scale mail
rPois    ∞         Spirit   .   (no helmet)
rElec    +         Reflect  .   (no cloak)
rCorr    .         Harm     .   (no gloves)
MR       .....                  (no boots)
Stlth    ..........             (no amulet)
HPRegen  0.06/turn              (no ring)
MPRegen  0.08/turn              (no ring)

@: no status effects
A: negative energy resistance 1, electricity resistance, unbreathing,
petrification resistance, rot immunity, AC +2
a: no special abilities


You were on level 2 of the Dungeon.
You were not hungry.

You visited 1 branch of the dungeon, and saw 2 of its levels.

You collected 33 gold pieces.

Inventory:

Hand Weapons
 a - a +0 flail (weapon)
Armour
 b - a +0 scale mail (worn)
 c - a +0 shield (worn)
Potions
 d - a potion of might
Comestibles
 f - 3 rations
 g - 2 chunks of flesh


   Skills:
 + Level 3.5 Fighting
 + Level 2.0 Maces & Flails
 + Level 3.5 Armour
 + Level 3.4 Shields


You had one spell level left.
You didn't know any spells.
Your spell library was empty.

Dungeon Overview and Level Annotations

Branches:
Dungeon (1/15)

Altars:
Nemelex Xobeh

Annotations:
D:2 Terence


Innate Abilities, Weirdness & Mutations

You are resistant to torment.
Your stone body is resilient. (AC +2)
You are immune to poison.
You resist negative energy. (rN+)
You are resistant to electric shocks. (rElec)
You can survive without breathing.
You are immune to petrification.
You are immune to rotting.


Message History

Terence barely misses you.
You hit Terence.
Terence is almost dead.
You block Terence's attack.
Your shield prevents you from hitting Terence.
Terence is almost dead.
Terence hits you with a +0 flail.
* * * LOW HITPOINT WARNING * * *
You hit Terence but do no damage.
Terence is almost dead.
Terence closely misses you.
You barely miss Terence.
Terence is almost dead.
Terence closely misses you.
You hit Terence but do no damage.
Terence is almost dead.
Terence barely misses you.
Terence screams, "I'm going to kill you!"
Terence hits you with a +0 flail!
You die...

#.......# #.# #.......###
#.# #.........# #.#
#.......#.# #.###+#
#.......#.###.##...
#..........##.#.... .#.
###.#.(............
.....#####.##.....##......
........@@.........+......
.....#####.##.....##......
.## #.##..##.###.....
#........# ##....
####.#########...
#.............#+#
#.##.#.#.####.# #
#.##.#.#.####.#.#
#.##.......##.#.#


You could see Terence.

Vanquished Creatures
  A worm (D:2)
  A leopard gecko (D:1)
  A bat (D:1)
  2 rats (D:1)
5 creatures vanquished.

Notes
Turn   | Place    | Note
-------+----------+-------------------------------------------
     0 | D:1      | JeffiDaFish the Gargoyle Fighter began the quest for the
                  | Orb.
     0 | D:1      | Reached XP level 1. HP: 14/14 MP: 1/1
   110 | D:1      | You fall into a shaft and drop 1 floor!
   130 | D:2      | Found a sparkling altar of Nemelex Xobeh.
   152 | D:2      | Reached XP level 2. HP: 12/19 MP: 2/2
   177 | D:2      | Noticed Terence
   210 | D:2      | Slain by Terence

Levels and vault maps discovered:
D:1:      kennysheep_arrival_seaside, layout_loops_ring
D:2:      layout_loops_corners, grunt_temple_overflow_order_and_chaos_2,
          lemuel_round_altar, uniq_terence

Action                   || total
-------------------------++-------
Melee: Flail             ||    41
  Use: Scroll            ||     1
       Potion            ||     1
Armor: Scale mail        ||     7
       Skin              ||     3
Dodge: Dodged            ||    13
Block: Shield            ||    13

Table legend:
 A = Non-vault XP
 B = Vault XP
 C = Vault XP percentage of total XP
 D = Non-vault monster count
 E = Vault monster count
 F = Vault count percentage of total count
                 A         B        C        D         E       F
            +---------+---------+-------+---------+---------+-------
      Total |      12 |       0 |   0.0 |       5 |       0 |   0.0
            +---------+---------+-------+---------+---------+-------
        D:1 |       7 |       0 |   0.0 |       4 |       0 |   0.0
        D:2 |       5 |       0 |   0.0 |       1 |       0 |   0.0
            +---------+---------+-------+---------+---------+-------
